← All builds
Air / Armada / Economy first / OBSERVED BUILD

Standard air

Armada Air build order · Supreme Isthmus

Builds an Aircraft Plant early, reclaims it for metal, then teches up through an Advanced Metal Extractor and Fusion Reactor while supplying teammates with transports and scouts, settling into Falcons and later Highwinds for the team's air…

Usually transports first (69%)

#eco #air #team support · 151 distinct matches · 69 players · 65% of Armada Air games · team won 42% of 154 · Recently observed

HOW TO PLAY IT

Key timing: Aircraft Plant by 1:32

  1. Take mex and wind while queuing the aircraft plant immediately.
  2. Get the aircraft plant up before 1:44 to start producing early.
  3. Build an advanced mex to keep economy scaling for T2.
  4. Send transports and scouts to allies as soon as they're ready.
  5. Add a fusion reactor and shift into fighters then Liche bombers.

Phase by phase

TYPICAL OF ITS 151 GAMES
  1. 1
  2. 2
  3. 3
PLAY THE OPENING

Follow the example game's first 6:00 step by step: what to build now, what comes next, and where it goes. At 1× it keeps pace with your own game.

  1. 1

    Up to the Aircraft Plant

    Economy
    • Metal Extractor3Mex
    • Wind Turbine5Wind
    • Energy Storage1Energy storage
    Order
    1. Aircraft PlantAircraft Plant after 3 mex, 5 wind, 1 energy storagedone ~1:30, middle half 1:22–1:41

    By 1:12 in all: 3 mex · 5 wind · 1 energy storage

    The example game in this phase · 3 steps
    1. Mex ×3
    2. Wind ×4
    3. Aircraft PlantAircraft Plantdone 1:20 · typical 1:30
  2. 2

    Aircraft Plant to 5:00

    Economy
    • Metal Extractor1Mex
    • Wind Turbine12Wind
    Builders
    • Construction Turret2 Con turret
    • Construction Aircraft1 Con aircraft
    Army
    • Falcon6 Fighter
    • Blink2 Scout plane for allies
    • Stork2 Light transport for allies
    • Blink1 Scout plane
    • Osprey1 Heavy transport for allies

    Some games also: banshee (34%) · light transport (33%)

    By 5:00 in all: 4 mex · 17 wind · 1 energy storage · 2 con turret

    The example game in this phase · 28 steps
    1. Wind
    2. BlinkScout planefor Geo sea
    3. Wind ×3
    4. BlinkScout planefor Beach sea
    5. FalconFighter
    6. Wind
    7. FalconFighter ×2
    8. Construction AircraftCon aircraft
    9. StorkLight transportfor Geo sea
    10. Con turret
    11. FalconFighter
    12. Wind
    13. Mex
    14. Wind
    15. FalconFighter
    16. Energy storage
    17. Wind ×2
    18. Con turret
    19. StorkLight transportfor Tech
    20. Wind
    21. StorkLight transportfor Tech
    22. FalconFighter
    23. Wind
    24. FalconFighter
    25. Wind
    26. FalconFighter ×2
    27. Wind
    28. FalconFighter
  3. 3

    5:00 to 10:00

    Economy
    • Wind Turbine34Wind
    • Energy Converter8Converter
    Order
    1. Aircraft PlantEat Aircraft Plant in 79% of games
    Builders
    • Construction Turret4 Con turret
    Army
    • Falcon10 Fighter

    Some games also: Aircraft Plant (47%) · con aircraft (47%) · fusion (32%)

    By 10:00 in all: 4 mex · 50 wind · 9 converter · 1 energy storage · 6 con turret

    The example game in this phase · 99 steps
    1. FalconFighter
    2. Wind ×2
    3. Construction AircraftCon aircraft
    4. StorkLight transportfor Tech
    5. Wind
    6. StorkLight transportfor Tech
    7. Wind
    8. FalconFighter
    9. Wind
    10. Con turret
    11. FalconFighter
    12. Wind
    13. Converter
    14. Con turret
    15. Converter
    16. Con turret
    17. Wind
    18. Converter
    19. Wind
    20. Construction AircraftCon aircraftfor Geo sea
    21. Wind ×2
    22. FalconFighter
    23. Converter
    24. Wind
    25. FalconFighter
    26. Converter
    27. Wind
    28. FalconFighter
    29. Wind
    30. Converter
    31. Wind ×2
    32. BlinkScout plane
    33. FalconFighter
    34. Wind
    35. FalconFighter
    36. Advanced Metal ExtractorT2 mexdone 7:41 · typical 7:03
    37. Wind
    38. Aircraft PlantEat Aircraft Plantreclaimed for its metal
    39. Wind
    40. Advanced Metal ExtractorT2 mex
    41. Wind ×7
    42. Advanced Metal ExtractorT2 mex
    43. Wind ×2
    44. Aircraft PlantAircraft Plantdone 8:47
    45. Wind ×2
    46. Advanced Metal ExtractorT2 mex
    47. StorkLight transport
    48. Wind ×3
    49. FalconFighter
    50. Wind
    51. FalconFighter ×2
    52. Con turret
    53. Wind
    54. FalconFighter
    55. Wind ×2
    56. FalconFighter
    57. Wind
    58. Construction AircraftCon aircraft
    59. Wind ×2
    60. Con turret
    61. Wind
    62. Fusion ReactorFusiondone 11:19 · typical 11:07
    63. Converter
    64. Con turret
    65. Wind
    66. Con turret
    67. Converter ×5
    68. FalconFighter
    69. Converter
    70. FalconFighter ×2
    71. Converter
    72. FalconFighter
    73. Converter
    74. FalconFighter ×3
    75. Converter
    76. FalconFighter ×2
    77. Converter ×2
    78. FalconFighter
    79. Con turret
    80. Converter
    81. Fusion ReactorFusion
    82. Con turret
    83. Converter ×2
    84. Aircraft PlantEat Aircraft Plantreclaimed for its metal
    85. Converter ×2
    86. Aircraft PlantAircraft Plantdone 12:50
    87. Converter
    88. FalconFighter
    89. Converter
    90. FalconFighter
    91. Con turret ×2
    92. FalconFighter
    93. Converter
    94. Con turret
    95. FalconFighter
    96. Converter
    97. FalconFighter ×5
    98. Converter
    99. FalconFighter ×3

Counts are medians over the build's games: half of them build more, half fewer. The example game is Adeus's (37 OS, 06/10/2026); pick another.

Team trades

IN AT LEAST 30% OF ITS GAMES

You hand over

  • Blink2 Scout plane to Geo sea or Beach seafirst at 1:50 · in 86% of games
  • Stork3 Light transport to Tech or Geo sea or Beach seafirst at 2:09 · in 90% of games
  • Osprey1 Heavy transport to Beach sea or Pond or Techfirst at 2:26 · in 66% of games

You get

  • Wind Turbine3 Wind from Beach sea or Geo seafirst at 1:35 · in 53% of games
  • Wind Turbine3 Wind from Beach sea or Geo sea or Techfirst at 1:40 · in 38% of games
  • Construction Bot1 Con bot from Techfirst at 2:28 · in 69% of games
  • Advanced Construction Bot1 T2 con bot from Techfirst at 6:04 · in 88% of games

How it plays out

Typical game of this build, running totals by minute

Metal produced

010k20k30k
0:005:0010:0015:00

metal

Enemy metal destroyed

01k2k3k
0:005:0010:0015:00

metal

Own metal lost

01k2k3k
0:005:0010:0015:00

metal

154 games.

Show as table
ByMetal produced: This buildEnemy metal destroyed: This buildOwn metal lost: This build
1:0039000
2:0091900
3:00145400
4:002058510
5:0027827473
6:003568151146
7:004958241261
8:006660339307
9:008641397365
10:0010953470489
11:0013420624584
12:0016125845709
13:00189671239937
14:002177116241477
15:002481620012269
WHAT THE NUMBERS SAY

Standard air play wins less than half its games while destroying far less metal than it loses by 15:00.

  • + Aircraft plant lands consistently by 1:44, keeping tempo on schedule.
  • − Enemy metal destroyed (2664) trails own metal lost (2351) by 15:00.
THE EXAMPLE YOU ARE READING

Adeus

36.6 OS · 06/10/2026

Open source match ↗

3 received units · includes a constructor
401 metal received · 36419 energy received

Allied construction assistance is unknown. Timings are observations, not a promise of solo reproducibility.

Typical milestones

Aircraft Plant1:30Middle 50%: 1:22–1:41 · n=149
Advanced Metal Extractor7:03Middle 50%: 6:36–7:41 · n=145
Fusion Reactor11:07Middle 50%: 10:01–12:25 · n=87

Played most by

arcsiz25games of this buildbadbot10games of this buildLeohvm8games of this build[Grump]FranzDK6games of this buildFakepilot6games of this build